AoeStats
← SC_Dead Rabbit "The original"

Nomad

508784303Analyzed
3v3 RM · 9d ago on Sep 24, 2026· 53m 54s· 6 players
Game mode
Random Map
Map size
210×210
Population
200
Speed
Normal
Resources
Standard
Victory
Conquest
Starting age
Dark Age
Ending age
Imperial Age
RankedLock teamsTeams togetherTeam positionsShared explorationLock speedFull tech treeHidden civsTurbo modeCheats
Victory
Defeat
🇦🇷 Turks · Argentina
1123
+20
🇹🇼 Slavs · Taiwan
1101
+13
🇺🇸 Bulgarians · United States
1055
+15
🇲🇽 Persians · Mexico
1139
-17
989
-12
🇦🇷 Teutons · Argentina
967
-11
BayofDeath1
9:35 Loom
16:24 Feudal Age
20:07 Town Watch
23:07 Castle Age
21:06 Double-Bit Axe
21:26 Arson
21:59 Stone Mining
22:50 Wheelbarrow
21:58 Fishing Lines
24:40 Bow Saw
24:32 Squires
24:19 Gambesons
25:21 Scale Mail Armor
25:31 Forging
26:37 Demolition Ship
29:28 Horse Collar
30:59 Pikeman
35:15 Chain Mail Armor
41:56 Heavy Plow
41:51 Gold Mining
42:11 Scale Barding Armor
44:29 Husbandry
44:52 Bloodlines
50:41 Imperial Age
49:41 Chain Barding Armor
49:57 Iron Casting
50:03 Hand Cart
51:12 Gold Shaft Mining
51:13 Stone Shaft Mining
51:51 Conscription
單細胞
4:33 Loom
15:08 Feudal Age
16:15 Man-at-Arms
24:01 Castle Age
22:04 Double-Bit Axe
23:52 Stone Mining
31:25 Wheelbarrow
30:54 Fletching
32:06 Detinets
37:02 Town Watch
40:22 Bodkin Arrow
44:45 Gold Mining
54:37 Hand Cart
Lauta_mdp
4:38 Loom
15:25 Feudal Age
16:34 Man-at-Arms
24:40 Castle Age
25:26 Wheelbarrow
26:02 Fletching
32:02 Double-Bit Axe
39:09 Bodkin Arrow
40:07 Bloodlines
39:59 Husbandry
40:54 Ballistics
40:52 Bow Saw
41:55 Town Watch
42:39 Thumb Ring
43:58 Hand Cart
48:54 Imperial Age
50:27 Bracer
51:13 Conscription
50:51 Gold Mining
52:24 Two-Man Saw
52:01 Horse Collar
52:43 Heavy Plow
GdN_Mancaji
3:49 Loom
5:30 Loom
13:27 Feudal Age
14:47 Double-Bit Axe
18:35 Castle Age
43:25 Bow Saw
45:42 Elite Skirmisher
LUCA-14
4:50 Loom
15:43 Feudal Age
18:12 Man-at-Arms
20:26 Forging
22:54 Horse Collar
23:02 Double-Bit Axe
24:23 Scale Mail Armor
32:12 Castle Age
30:42 Arson
31:18 Fishing Lines
32:15 Bloodlines
37:45 Scale Barding Armor
38:15 Iron Casting
SC_Dead Rabbit "The original"
4:21 Loom
13:59 Feudal Age
19:32 Double-Bit Axe
22:46 Castle Age
24:16 Forging
24:12 Scale Barding Armor
28:15 Iron Casting
28:22 Medium Warships
30:00 Bloodlines
33:00 Chain Barding Armor
41:40 Bow Saw
43:14 Fletching
43:24 Padded Archer Armor
43:49 Crossbowman
44:44 Bodkin Arrow
47:50 Imperial Age
45:58 Wheelbarrow
48:25 Ballistics
Connection lost

Rejoining the realm…

Still unreachable

The connection could not be restored.

Session expired

The server has moved on; the page needs a fresh start.